TOP OF THE 1ST |
Wisconsin Timber Rattlers batting - Pitching for South Bend Cubs : LHP Andres Lobato
|
Pitching: LHP Andres Lobato
|
|
Batting: RHB Joe LaDue
|
0-0: Ball 1-0: Ball 2-0: Ball 3-0: Base on Balls
|
Batting: RHB Nick Garland
|
0-0: Ball Joe LaDue steals 2nd base 1-0: Called Strike 1-1: Ball 2-1: Foul Ball, location: 2F 2-2: Fly out, F7 (Flyball, 7S, EV 90.0 MPH)
|
Batting: RHB John Freeman
|
0-0: Called Strike 0-1: Ball 1-1: Ground out 6-3 (Groundball, 6, EV 95.0 MPH) Joe LaDue to third
|
Batting: RHB Jeff Cornett
|
0-0: Ball 1-0: Ball 2-0: Foul Ball, location: 2F 2-1: Foul Ball, location: 2F 2-2: Ball 3-2: Reached on error, E6 (Groundball, 6, EV 77.5 MPH) Joe LaDue scores
|
Batting: RHB Nick Spiller
|
0-0: Hit by Pitch Jeff Cornett to second
|
Batting: RHB Dave Bateman
|
0-0: Fielders Choice at 2nd, 6-4 (Groundball, 6, EV 83.1 MPH)
|
Top of the 1st over - 1 run, 0 hits, 1 error, 2 left on base; Wisconsin 1 - South Bend 0 |
BOTTOM OF THE 1ST |
South Bend Cubs batting - Pitching for Wisconsin Timber Rattlers : RHP Brett Rosinsky
|
Pitching: RHP Brett Rosinsky
|
|
Batting: RHB Jason Ostrom
|
0-0: Called Strike 0-1: Foul Ball, location: 2F 0-2: Ball 1-2: SINGLE (Groundball, 4MD, EV 101.3 MPH)
|
Batting: LHB Bill Tardiff
|
0-0: Ball 1-0: Called Strike 1-1: Called Strike 1-2: Ball 2-2: Strikes out swinging
|
Batting: RHB Mike Savage
|
0-0: Ball 1-0: DOUBLE (Line Drive, 78XD, EV 105.0 MPH) Jason Ostrom to third Runner from 3rd tries for Home, SAFE, throw by LF to home
|
Batting: LHB Mike DiNardo
|
0-0: Ground out 4-3 (Groundball, 4, EV 84.4 MPH) Mike Savage to third
|
Batting: SHB Benoît Morin
|
0-0: Ball 1-0: Called Strike 1-1: Ball 2-1: Ball 3-1: Foul Ball, location: 2F 3-2: DOUBLE (Flyball, 78D, EV 98.1 MPH) Mike Savage scores
|
Batting: LHB Andy Bordeaux
|
0-0: Foul Ball, location: 2F 0-1: Ground out U3 (Groundball, 3, EV 88.8 MPH)
|
Bottom of the 1st over - 2 runs, 3 hits, 0 errors, 1 left on base; Wisconsin 1 - South Bend 2 |
TOP OF THE 2ND |
Wisconsin Timber Rattlers batting - Pitching for South Bend Cubs : LHP Andres Lobato
|
Batting: LHB Joe Vida
|
0-0: Called Strike 0-1: Called Strike 0-2: Foul Ball, location: 2F 0-2: SINGLE (Groundball, 34S, EV 73.8 MPH) (infield hit)
|
Batting: RHB Bryant Thies
|
0-0: Ball 1-0: Ball 2-0: Called Strike 2-1: Swinging Strike 2-2: Strikes out swinging
|
Batting: RHB Tyler Badillo
|
0-0: Ball 1-0: Called Strike 1-1: Swinging Strike 1-2: Foul Ball, location: 2F 1-2: Foul Ball, location: 2F 1-2: Strikes out swinging
|
Batting: RHB Joe LaDue
|
0-0: Called Strike 0-1: Ball 1-1: Ball 2-1: Called Strike 2-2: Foul Ball, location: 2F 2-2: Ball Wild Pitch! Joe Vida to second 3-2: Foul Ball, location: 2F 3-2: Foul Ball, location: 2F 3-2: DOUBLE (Groundball, 5L, EV 105.0 MPH) Joe Vida scores
|
Batting: RHB Nick Garland
|
0-0: Ball 1-0: Foul Ball, location: 2F 1-1: SINGLE (Flyball, 5D, EV 88.1 MPH) Joe LaDue to third Runner from 3rd tries for Home, SAFE, throw by LF to home
|
Batting: RHB John Freeman
|
0-0: Called Strike 0-1: Ball 1-1: Called Strike 1-2: Ball 2-2: Ball 3-2: SINGLE (Groundball, 34D, EV 98.1 MPH) Nick Garland to second Nick Garland to third
|
Batting: RHB Jeff Cornett
|
0-0: SINGLE (Groundball, 56D, EV 99.4 MPH) Nick Garland scores John Freeman to second
|
Batting: RHB Nick Spiller
|
0-0: Ball 1-0: Ball 2-0: Called Strike 2-1: Fielders Choice at 2nd, 6-4 (Groundball, 6, EV 101.3 MPH)
|
Top of the 2nd over - 3 runs, 5 hits, 0 errors, 2 left on base; Wisconsin 4 - South Bend 2 |
BOTTOM OF THE 2ND |
South Bend Cubs batting - Pitching for Wisconsin Timber Rattlers : RHP Brett Rosinsky
|
Batting: LHB Jim Polson
|
0-0: Ground out 4-3 (Groundball, 4, EV 85.6 MPH)
|
Batting: RHB John Madden
|
0-0: Foul Ball, location: 2F 0-1: Ball 1-1: Ball 2-1: Swinging Strike 2-2: Foul Ball, location: 2F 2-2: Ball 3-2: Strikes out swinging
|
Batting: SHB Alvaro Andrade
|
0-0: Ball 1-0: Ground out 5-3 (Groundball, 56, EV 85.0 MPH)
|
Bottom of the 2nd over - 0 runs, 0 hits, 0 errors, 0 left on base; Wisconsin 4 - South Bend 2 |
TOP OF THE 3RD |
Wisconsin Timber Rattlers batting - Pitching for South Bend Cubs : LHP Andres Lobato
|
Batting: RHB Dave Bateman
|
0-0: Called Strike 0-1: Ground out 6-3 (Groundball, 6, EV 88.1 MPH)
|
Batting: LHB Joe Vida
|
0-0: Ball 1-0: Swinging Strike 1-1: Ball 2-1: Ball 3-1: Foul Ball, location: 2F 3-2: Ground out 6-3 (Groundball, 6S, EV 71.9 MPH)
|
Batting: RHB Bryant Thies
|
0-0: Foul Ball, location: 2F 0-1: Ball 1-1: Ball 2-1: Fly out, F7 (Flyball, 7LD, EV 106.3 MPH)
|
Top of the 3rd over - 0 runs, 0 hits, 0 errors, 0 left on base; Wisconsin 4 - South Bend 2 |
BOTTOM OF THE 3RD |
South Bend Cubs batting - Pitching for Wisconsin Timber Rattlers : RHP Brett Rosinsky
|
Batting: RHB Jason Ostrom
|
0-0: Ball 1-0: Ball 2-0: DOUBLE (Line Drive, 3D, EV 101.9 MPH)
|
Batting: LHB Bill Tardiff
|
0-0: Ball 1-0: Foul Ball, location: 2F 1-1: Ball 2-1: Swinging Strike 2-2: Strikes out swinging
|
Batting: RHB Mike Savage
|
0-0: Swinging Strike 0-1: Swinging Strike 0-2: Ball 1-2: Foul Ball, location: 2F 1-2: Ball 2-2: Ball 3-2: Ground out 4-3 (Groundball, 4, EV 86.3 MPH) Jason Ostrom to third
|
Batting: LHB Mike DiNardo
|
0-0: Ball 1-0: Ball 2-0: Called Strike 2-1: Ball 3-1: Ground out U3 (Groundball, 3, EV 85.6 MPH)
|
Bottom of the 3rd over - 0 runs, 1 hit, 0 errors, 1 left on base; Wisconsin 4 - South Bend 2 |
TOP OF THE 4TH |
Wisconsin Timber Rattlers batting - Pitching for South Bend Cubs : LHP Andres Lobato
|
Batting: RHB Tyler Badillo
|
0-0: Ball 1-0: Called Strike 1-1: Foul Ball, location: 2F 1-2: Ground out 4-3 (Groundball, 4S, EV 70.0 MPH)
|
Batting: RHB Joe LaDue
|
0-0: Ball 1-0: Ball 2-0: Foul Ball, location: 2F 2-1: Ball 3-1: SINGLE (Line Drive, 3D, EV 98.1 MPH)
|
Batting: RHB Nick Garland
|
0-0: Ball 1-0: Ball Joe LaDue steals 2nd base 2-0: Ball 3-0: Base on Balls
|
Batting: RHB John Freeman
|
0-0: Ball 1-0: Foul Ball, location: 2F 1-1: Hit by Pitch Joe LaDue to third Nick Garland to second
|
Batting: RHB Jeff Cornett
|
0-0: Foul Ball, location: 2F 0-1: Ball 1-1: Ball 2-1: Ball 3-1: Swinging Strike 3-2: Fielders Choice at 2nd, 6-4 (Groundball, 6, EV 103.8 MPH) Joe LaDue scores Nick Garland to third
|
Batting: RHB Nick Spiller
|
0-0: Ball 1-0: Called Strike 1-1: Ball 2-1: Foul Ball, location: 2F 2-2: Ground out 5-3 (Groundball, 56S, EV 82.5 MPH)
|
Top of the 4th over - 1 run, 1 hit, 0 errors, 2 left on base; Wisconsin 5 - South Bend 2 |
BOTTOM OF THE 4TH |
South Bend Cubs batting - Pitching for Wisconsin Timber Rattlers : RHP Brett Rosinsky
|
Batting: SHB Benoît Morin
|
0-0: Called Strike 0-1: Ball 1-1: Called Strike 1-2: Ball 2-2: Strikes out swinging
|
Batting: LHB Andy Bordeaux
|
0-0: Ball 1-0: Ball 2-0: Called Strike 2-1: Ball 3-1: Called Strike 3-2: Foul Ball, location: 2F 3-2: Strikes out swinging
|
Batting: LHB Jim Polson
|
0-0: Foul Ball, location: 2F 0-1: Ball 1-1: Called Strike 1-2: Strikes out looking
|
Bottom of the 4th over - 0 runs, 0 hits, 0 errors, 0 left on base; Wisconsin 5 - South Bend 2 |
TOP OF THE 5TH |
Wisconsin Timber Rattlers batting - Pitching for South Bend Cubs : LHP Andres Lobato
|
Batting: RHB Dave Bateman
|
0-0: Ball 1-0: Ball 2-0: Called Strike 2-1: Ground out 6-3 (Groundball, 6, EV 77.5 MPH)
|
Pitching: RHP Daniel Sullivan
|
|
Batting: LHB Joe Vida
|
0-0: Ground out 1-3 (Groundball, 13, EV 65.0 MPH)
|
Batting: RHB Bryant Thies
|
0-0: Ball 1-0: SINGLE (Groundball, 56S, EV 99.4 MPH)
|
Batting: RHB Tyler Badillo
|
0-0: Ball 1-0: Ball 2-0: Called Strike 2-1: Ball 3-1: Called Strike 3-2: Strikes out swinging
|
Top of the 5th over - 0 runs, 1 hit, 0 errors, 1 left on base; Wisconsin 5 - South Bend 2 |
BOTTOM OF THE 5TH |
South Bend Cubs batting - Pitching for Wisconsin Timber Rattlers : RHP Brett Rosinsky
|
Batting: RHB John Madden
|
0-0: Called Strike 0-1: Foul Ball, location: 2F 0-2: Strikes out swinging, 2-3 out at first.
|
Batting: SHB Alvaro Andrade
|
0-0: Ball 1-0: Called Strike 1-1: Foul Ball, location: 2F 1-2: Ball 2-2: Ball 3-2: Foul Ball, location: 2F 3-2: Ground out 6-3 (Groundball, 6, EV 77.5 MPH)
|
Batting: RHB Jason Ostrom
|
0-0: Ball 1-0: Bunt for hit to 13 - play at first, batter safe!
|
Batting: LHB Bill Tardiff
|
0-0: Ball Jason Ostrom steals 2nd base 1-0: Ground out 4-3 (Groundball, 4, EV 89.4 MPH)
|
Bottom of the 5th over - 0 runs, 1 hit, 0 errors, 1 left on base; Wisconsin 5 - South Bend 2 |
TOP OF THE 6TH |
Wisconsin Timber Rattlers batting - Pitching for South Bend Cubs : RHP Daniel Sullivan
|
Batting: RHB Joe LaDue
|
0-0: Called Strike 0-1: Foul Ball, location: 2F 0-2: Ball 1-2: Strikes out swinging
|
Batting: RHB Nick Garland
|
0-0: Called Strike 0-1: Fly out, F3 (Popup, 34, EV 65.0 MPH)
|
Batting: RHB John Freeman
|
0-0: Ball 1-0: Foul Ball, location: 2F 1-1: Ground out 6-3 (Groundball, 6, EV 86.3 MPH)
|
Top of the 6th over - 0 runs, 0 hits, 0 errors, 0 left on base; Wisconsin 5 - South Bend 2 |
BOTTOM OF THE 6TH |
South Bend Cubs batting - Pitching for Wisconsin Timber Rattlers : RHP Brett Rosinsky
|
Pitching: RHP Brian Harper
|
|
Batting: RHB Mike Savage
|
0-0: Ball 1-0: Called Strike 1-1: Ground out 1-3 (Groundball, 13S, EV 61.3 MPH)
|
Batting: LHB Mike DiNardo
|
0-0: Ground out 4-3 (Groundball, 4, EV 109.4 MPH)
|
Batting: SHB Benoît Morin
|
0-0: Ball 1-0: Ball 2-0: Ball 3-0: Called Strike 3-1: Fly out, F5 (Line Drive, 5, EV 67.5 MPH)
|
Bottom of the 6th over - 0 runs, 0 hits, 0 errors, 0 left on base; Wisconsin 5 - South Bend 2 |
TOP OF THE 7TH |
Wisconsin Timber Rattlers batting - Pitching for South Bend Cubs : RHP Daniel Sullivan
|
Pitching: LHP Jose Carrillo
|
|
Batting: RHB Jeff Cornett
|
0-0: Called Strike 0-1: Ball 1-1: Foul Ball, location: 2F 1-2: DOUBLE (Line Drive, 7LM, EV 99.4 MPH)
|
Batting: RHB Nick Spiller
|
0-0: Foul Ball, location: 2F 0-1: SINGLE (Groundball, 4MD, EV 100.6 MPH) Jeff Cornett to third
|
Batting: RHB Dave Bateman
|
0-0: Ball 1-0: Called Strike 1-1: Swinging Strike 1-2: Strikes out swinging
|
Batting: LHB Joe Vida
|
0-0: Foul Ball, location: 2F 0-1: Fly out, F5 (Popup, 5F, EV 80.0 MPH)
|
Batting: RHB Bryant Thies
|
0-0: Ball 1-0: SINGLE (Line Drive, 34, EV 104.4 MPH) Jeff Cornett scores Nick Spiller to second
|
Batting: RHB Tyler Badillo
|
0-0: Called Strike 0-1: Fielders Choice at 2nd, 6-4 (Groundball, 6, EV 89.4 MPH)
|
Top of the 7th over - 1 run, 3 hits, 0 errors, 2 left on base; Wisconsin 6 - South Bend 2 |
BOTTOM OF THE 7TH |
South Bend Cubs batting - Pitching for Wisconsin Timber Rattlers : RHP Brian Harper
|
Batting: LHB Andy Bordeaux
|
0-0: Called Strike 0-1: Ball 1-1: Ball 2-1: Ball 3-1: Base on Balls
|
Batting: LHB Jim Polson
|
0-0: Sac Bunt to 15S - play at first, batter OUT! 1-3 Andy Bordeaux to second
|
Batting: RHB John Madden
|
0-0: Called Strike 0-1: Fly out, F7 (Flyball, 7S, EV 78.1 MPH)
|
Batting: SHB Alvaro Andrade
|
0-0: Ground out U3 (Groundball, 3, EV 84.4 MPH)
|
Bottom of the 7th over - 0 runs, 0 hits, 0 errors, 1 left on base; Wisconsin 6 - South Bend 2 |
TOP OF THE 8TH |
Wisconsin Timber Rattlers batting - Pitching for South Bend Cubs : LHP Jose Carrillo
|
Pitching: RHP Jason Scott
|
|
Batting: RHB Joe LaDue
|
0-0: Foul Ball, location: 2F 0-1: Ball 1-1: Foul Ball, location: 2F 1-2: Ball 2-2: Foul Ball, location: 2F 2-2: Ball 3-2: Foul Ball, location: 2F 3-2: Fly out, F3 (Popup, 34, EV 67.5 MPH)
|
Batting: RHB Nick Garland
|
0-0: Ball 1-0: DOUBLE (Flyball, 8LXD, EV 98.8 MPH)
|
Batting: RHB John Freeman
|
0-0: Ball 1-0: Ball 2-0: Foul Ball, location: 2F 2-1: Foul Ball, location: 2F 2-2: Foul Ball, location: 2F 2-2: Strikes out looking
|
Batting: RHB Jeff Cornett
|
0-0: Fly out, F8 (Flyball, 8LM, EV 91.9 MPH)
|
Top of the 8th over - 0 runs, 1 hit, 0 errors, 1 left on base; Wisconsin 6 - South Bend 2 |
BOTTOM OF THE 8TH |
South Bend Cubs batting - Pitching for Wisconsin Timber Rattlers : RHP Brian Harper
|
Batting: RHB Jason Ostrom
|
0-0: Swinging Strike 0-1: Called Strike 0-2: Foul Ball, location: 2F 0-2: Fly out, F7 (Flyball, 7S, EV 75.0 MPH)
|
Batting: LHB Bill Tardiff
|
0-0: Foul Ball, location: 2F 0-1: Ball 1-1: Called Strike 1-2: Ball 2-2: Fly out, F8 (Flyball, 78M, EV 92.5 MPH)
|
Batting: RHB Mike Savage
|
0-0: Ball 1-0: Ball 2-0: Ball 3-0: Base on Balls
|
Batting: LHB Mike DiNardo
|
0-0: Ball 1-0: Ball 2-0: Called Strike 2-1: Ball 3-1: Called Strike 3-2: Strikes out looking
|
Bottom of the 8th over - 0 runs, 0 hits, 0 errors, 1 left on base; Wisconsin 6 - South Bend 2 |
TOP OF THE 9TH |
Wisconsin Timber Rattlers batting - Pitching for South Bend Cubs : RHP Jason Scott
|
Pitching: RHP Josh Deyo
|
|
Batting: RHB Nick Spiller
|
0-0: Ball 1-0: Foul Ball, location: 2F 1-1: Ball 2-1: Ball 3-1: Foul Ball, location: 2F 3-2: Base on Balls
|
Batting: RHB Dave Bateman
|
0-0: Bunt missed! 0-1: Called Strike 0-2: Fly out, F8 (Flyball, 8LD, EV 105.6 MPH)
|
Batting: LHB Joe Vida
|
0-0: Called Strike 0-1: Ball 1-1: Ball 2-1: Called Strike 2-2: Foul Ball, location: 2F 2-2: Ball 3-2: Base on Balls Nick Spiller to second
|
Batting: RHB Bryant Thies
|
0-0: Called Strike 0-1: Called Strike 0-2: Ball 1-2: Ball 2-2: Foul Ball, location: 2F 2-2: Ball 3-2: Fielders Choice at 2nd, 4-6 (Groundball, 4M, EV 90.0 MPH) Nick Spiller to third
|
Pitching: RHP Eric Allen
|
|
Batting: RHB Tyler Badillo
|
0-0: Ball 1-0: Foul Ball, location: 2F 1-1: SINGLE (Groundball, 34, EV 97.5 MPH) Nick Spiller scores Bryant Thies to second Runner from 2nd tries for 3rd, SAFE, throw by RF made to third
|
Batting: RHB Joe LaDue
|
0-0: Ball 1-0: Foul Ball, location: 2F 1-1: Called Strike 1-2: Foul Ball, location: 2F 1-2: Fly out, F9 (Flyball, 9, EV 84.4 MPH)
|
Top of the 9th over - 1 run, 1 hit, 0 errors, 2 left on base; Wisconsin 7 - South Bend 2 |
BOTTOM OF THE 9TH |
South Bend Cubs batting - Pitching for Wisconsin Timber Rattlers : RHP Brian Harper
|
Batting: SHB Benoît Morin
|
0-0: Ball 1-0: Called Strike 1-1: Ground out 6-3 (Groundball, 6MS, EV 73.1 MPH)
|
Batting: LHB Andy Bordeaux
|
0-0: Fly out, F9 (Flyball, 9D, EV 101.9 MPH)
|
Batting: LHB Jim Polson
|
0-0: Ball 1-0: Swinging Strike 1-1: Ball 2-1: Foul Ball, location: 2F 2-2: Fly out, F7 (Flyball, 7LM, EV 84.4 MPH)
|
Bottom of the 9th over - 0 runs, 0 hits, 0 errors, 0 left on base; Wisconsin 7 - South Bend 2 |
|